[Event "CN Seniori 2012"]
[Site "Sarata Monteoru/Romania"]
[Date "2012.02.19"]
[Round "9.10"]
[White "Petrisor, Adrian-Marian"]
[Black "Miroiu, George-Catalin"]
[Result "1/2-1/2"]
[ECO "D53"]
[WhiteElo "2385"]
[BlackElo "2342"]
[PlyCount "119"]
[EventDate "2012.??.??"]
[TimeControl "40/5400+30:900+30"]

1. d4 d5 2. c4 c6 3. Nc3 Nf6 4. Bg5 e6 5. e3 h6 6. Bh4 Be7 7. Bd3 dxc4 8. Bxc4
Nbd7 9. Nf3 b5 10. Bd3 Bb7 11. O-O O-O 12. a3 a6 13. b4 Nd5 14. Bxe7 Qxe7 15.
Ne4 e5 16. dxe5 Nxe5 17. Nxe5 Qxe5 18. Nc5 Bc8 19. Qd2 Ra7 20. Rac1 Rd8 21.
Rfe1 Re7 22. Nb3 Red7 23. Nd4 Ne7 24. Qc2 Rd6 25. Be4 Bd7 26. f4 Qf6 27. Qc5
Nd5 28. Bxd5 cxd5 29. Nf3 Bf5 30. Qd4 Qe6 31. Rc7 Be4 32. Ne5 Rc8 33. Rxc8+
Qxc8 34. Qd2 f6 35. Rc1 Qe6 36. Nd3 d4 37. Nc5 Qd5 38. exd4 Qxd4+ 39. Qxd4 Rxd4
40. Kf2 Bf5 41. Ke3 Rd6 42. h3 h5 43. Ke2 Kf7 44. Kf3 h4 45. Ke3 Rd5 46. Rc3
Rd6 47. Nb7 Rd7 48. Nc5 Rd6 49. Nb3 Re6+ 50. Kf2 Rd6 51. Ke3 Re6+ 52. Kf3 Rd6
53. Nc5 g5 54. fxg5 fxg5 55. Re3 Rf6 56. Ke2 Be6 57. Rf3 Rxf3 58. Kxf3 Bc8 59.
Ke3 Kg6 60. Ke4 1/2-1/2

[Event "CN Seniori 2012"]
[Site "Sarata Monteoru/Romania"]
[Date "2012.02.19"]
[Round "9.11"]
[White "Gilea, Lucian"]
[Black "Parligras, Mircea-Emilian"]
[Result "1-0"]
[ECO "B45"]
[WhiteElo "2261"]
[BlackElo "2650"]
[PlyCount "109"]
[EventDate "2012.??.??"]
[TimeControl "40/5400+30:900+30"]

1. d4 Nf6 2. Nf3 e6 3. g3 c5 4. Bg2 Nc6 5. O-O cxd4 6. Nxd4 Qb6 7. Nb3 d5 8.
Nc3 Bb4 9. e4 d4 10. e5 Nd7 11. Ne2 Ndxe5 12. Nexd4 O-O 13. c3 Be7 14. Qe2 Bd7
15. Be3 Qd8 16. Rfd1 Qc8 17. Nb5 a6 18. Nd6 Qc7 19. Nxb7 Qxb7 20. f4 Ng6 21.
Na5 Qc8 22. Nc4 Bd8 23. Rxd7 Qxd7 24. Rd1 Qc8 25. f5 exf5 26. Bc5 Nce7 27. b4
Rb8 28. h4 h5 29. Qxh5 Qe6 30. Ne3 Bc7 31. Nd5 Bxg3 32. Nxe7+ Nxe7 33. Qg5 Rbd8
34. Rxd8 Qe1+ 35. Bf1 Rxd8 36. Qxe7 Bh2+ 37. Kxh2 Rd2+ 38. Bg2 Re2 39. Qd8+ Re8
40. Qg5 Re6 41. Qg3 Qe2 42. Bd4 Rg6 43. Qf2 Qe7 44. Kg1 Qe6 45. a4 Qd7 46. a5
Rg4 47. h5 f4 48. Qe2 Rg3 49. Kf2 Qd8 50. Qe4 Qg5 51. Qe8+ Kh7 52. Be4+ f5 53.
Qg6+ Qxg6 54. hxg6+ Kxg6 55. Bd5 1-0

[Event "CN Seniori 2012"]
[Site "Sarata Monteoru/Romania"]
[Date "2012.02.19"]
[Round "9.13"]
[White "Florescu, Codrut-Constantin"]
[Black "Bonte, Andrei-Mihai"]
[Result "1-0"]
[ECO "B89"]
[WhiteElo "2282"]
[BlackElo "2380"]
[PlyCount "48"]
[EventDate "2012.??.??"]
[TimeControl "40/5400+30:900+30"]

1. e4 c5 2. Nf3 Nc6 3. d4 cxd4 4. Nxd4 Nf6 5. Nc3 d6 6. Bc4 e6 7. Be3 Be7 8.
Qe2 O-O 9. O-O-O Qc7 10. Rhg1 a6 11. g4 b5 12. Bb3 Nxd4 13. Rxd4 Nd7 14. g5 Nc5
15. e5 dxe5 16. Rh4 Bb7 17. Rg3 Rfd8 18. Rxh7 Nxb3+ 19. axb3 Ba3 20. Qh5 Kf8
21. g6 Qxc3 22. Rh8+ Ke7 23. Bg5+ f6 24. Bxf6+ gxf6 1-0

[Event "CN Seniori 2012"]
[Site "Sarata Monteoru/Romania"]
[Date "2012.02.19"]
[Round "9.14"]
[White "Dragomirescu, Robin-Alexandru"]
[Black "Baciu, Stefan"]
[Result "1-0"]
[ECO "C41"]
[WhiteElo "2340"]
[BlackElo "2222"]
[PlyCount "95"]
[EventDate "2012.??.??"]
[TimeControl "40/5400+30:900+30"]

1. e4 d6 2. d4 Nf6 3. Nc3 e5 4. Nf3 Nbd7 5. Bc4 Be7 6. O-O O-O 7. Re1 c6 8. a4
h6 9. b3 Re8 10. Bb2 Qc7 11. Bd3 Nf8 12. Ne2 Ng6 13. Ng3 Bf8 14. h3 Bd7 15. Qd2
Rad8 16. Nf5 Bc8 17. a5 d5 18. Ng3 Nxe4 19. Nxe4 dxe4 20. Bxe4 f5 21. Bd3 e4
22. Bc4+ Kh7 23. Nh2 Bd6 24. Nf1 f4 25. Be2 f3 26. gxf3 Bxh3 27. fxe4 Rxe4 28.
Bh5 Rde8 29. d5 c5 30. Bf3 Rxe1 31. Rxe1 Rxe1 32. Qxe1 Bf5 33. Ne3 Qe7 34. Kf1
Bh3+ 35. Ke2 Bd7 36. Kd1 Be5 37. Ba3 Qf6 38. Be4 Bc3 39. Qg1 Qd4+ 40. Bd3 Be8
41. Kc1 Bxa5 42. Kb1 Bd8 43. Bb2 Qf4 44. Nf5 c4 45. bxc4 Bg5 46. Qe1 Bf7 47.
Nxg7 Bf6 48. Nh5 1-0

[Event "CN Seniori 2012"]
[Site "Sarata Monteoru/Romania"]
[Date "2012.02.19"]
[Round "9.15"]
[White "Spulber, Cicirone"]
[Black "Posedaru, Bogdan"]
[Result "1/2-1/2"]
[ECO "A26"]
[WhiteElo "2244"]
[BlackElo "2337"]
[PlyCount "50"]
[EventDate "2012.??.??"]
[TimeControl "40/5400+30:900+30"]

1. c4 e5 2. Nc3 Nc6 3. g3 g6 4. Bg2 Bg7 5. Nf3 d6 6. d3 h6 7. Rb1 Nf6 8. b4 a6
9. a4 Be6 10. b5 axb5 11. axb5 Ne7 12. Bb2 Qd7 13. Ra1 O-O 14. O-O Bh3 15. e4
Nh5 16. Rxa8 Rxa8 17. Ne1 c6 18. Nc2 cxb5 19. Nxb5 Ra2 20. Ba3 Nf4 21. gxf4
Rxc2 22. Qxc2 Bxg2 23. Kxg2 Qg4+ 24. Kh1 Qf3+ 25. Kg1 Qg4+ 1/2-1/2

[Event "CN Seniori 2012"]
[Site "Sarata Monteoru/Romania"]
[Date "2012.02.19"]
[Round "9.16"]
[White "Stanciu, Alexandru-Ovidiu"]
[Black "Telea, Stefan"]
[Result "1-0"]
[ECO "D85"]
[WhiteElo "2314"]
[BlackElo "2112"]
[PlyCount "63"]
[EventDate "2012.??.??"]
[TimeControl "40/5400+30:900+30"]

1. d4 Nf6 2. c4 g6 3. Nc3 d5 4. cxd5 Nxd5 5. e4 Nxc3 6. bxc3 Bg7 7. Bg5 c5 8.
Rc1 O-O 9. Nf3 cxd4 10. cxd4 Bg4 11. d5 h6 12. Be3 e6 13. Bc4 b5 14. Bb3 a5 15.
a4 bxa4 16. Bxa4 exd5 17. exd5 Nd7 18. h3 Bxf3 19. Qxf3 Ne5 20. Qd1 Qh4 21. O-O
Nc4 22. Bc6 Nxe3 23. fxe3 Ra7 24. Rf4 Qe7 25. Qd3 Be5 26. Rfc4 f5 27. Ba4 f4
28. Qxg6+ Bg7 29. exf4 Qe3+ 30. Kh1 Raf7 31. Qe6 Qa3 32. Be8 1-0

[Event "CN Seniori 2012"]
[Site "Sarata Monteoru/Romania"]
[Date "2012.02.19"]
[Round "9.17"]
[White "Horvat, Dan-Sebastian"]
[Black "Voiteanu, Gabriel"]
[Result "1-0"]
[ECO "C42"]
[WhiteElo "2197"]
[BlackElo "2304"]
[PlyCount "87"]
[EventDate "2012.??.??"]
[TimeControl "40/5400+30:900+30"]

1. e4 e5 2. Bc4 Nf6 3. Nf3 Nxe4 4. Nc3 Nxc3 5. dxc3 f6 6. Nh4 g6 7. f4 Qe7 8.
f5 Qg7 9. O-O c6 10. b4 d5 11. Be2 Bd6 12. c4 Qf7 13. cxd5 cxd5 14. Bf3 d4 15.
c4 Nc6 16. Ba3 Ne7 17. c5 Bc7 18. Qa4+ Kd8 19. b5 g5 20. b6 Bb8 21. c6 bxc6 22.
Bxe7+ Qxe7 23. Qxc6 axb6 24. Qxa8 Qa7 25. Qc6 Ke7 26. Rab1 Bd7 27. Qxb6 Qxb6
28. Rxb6 gxh4 29. Rc1 d3 30. Rb7 Kd6 31. Be4 Rg8 32. Rd1 Bc6 33. Rxd3+ Kc5 34.
Rc3+ Kd4 35. Rxc6 Kxe4 36. Rcb6 h3 37. Rxb8 Rxg2+ 38. Kh1 Rxa2 39. Rb1 Kxf5 40.
R8b3 h5 41. Rxh3 e4 42. Rf1+ Ke6 43. Rxh5 e3 44. Re1 1-0

[Event "CN Seniori 2012"]
[Site "Sarata Monteoru/Romania"]
[Date "2012.02.19"]
[Round "9.18"]
[White "Varlan, Hervig-Ioan"]
[Black "Dobre, Claudiu-Cristian"]
[Result "0-1"]
[ECO "D11"]
[WhiteElo "2184"]
[BlackElo "2354"]
[PlyCount "56"]
[EventDate "2012.??.??"]
[TimeControl "40/5400+30:900+30"]

1. d4 d5 2. Nf3 Nf6 3. c4 c6 4. e3 Bg4 5. h3 Bxf3 6. Qxf3 e6 7. Nc3 Bb4 8. Qd1
O-O 9. Qb3 Qe7 10. Be2 dxc4 11. Qxc4 Nbd7 12. a3 Bd6 13. f4 c5 14. O-O Rac8 15.
Qb3 cxd4 16. exd4 Nb6 17. Bf3 Bb8 18. Ne4 Nxe4 19. Bxe4 Rfd8 20. Be3 Nd5 21.
Rad1 g6 22. Bc1 Qc7 23. Qg3 Qb6 24. Qg5 Rxc1 25. Bxg6 hxg6 26. Rxc1 Qxd4+ 27.
Kh1 Nxf4 28. Rc4 Qd5 0-1

[Event "CN Seniori 2012"]
[Site "Sarata Monteoru/Romania"]
[Date "2012.02.20"]
[Round "10.1"]
[White "Vajda, Levente"]
[Black "Cioara, Andrei-Nestor"]
[Result "1-0"]
[ECO "C05"]
[WhiteElo "2594"]
[BlackElo "2456"]
[Annotator "Robot 4"]
[PlyCount "87"]
[EventDate "2012.??.??"]
[TimeControl "40/5400+30:900+30"]

1. e4 e6 2. d4 d5 3. Nd2 Nf6 4. e5 Nfd7 5. c4 dxc4 6. Nxc4 Nb6 7. Nf3 Be7 8.
Nxb6 axb6 9. Bd3 Bd7 10. O-O Bc6 11. a3 Bd5 12. Be3 c6 13. Nd2 b5 14. Qg4 g6
15. Be4 Nd7 16. Bxd5 cxd5 17. Bh6 Nb8 18. Nf3 Nc6 19. Qf4 Bf8 20. Bg5 Be7 21.
Bf6 Bxf6 22. exf6 h6 23. h4 g5 24. hxg5 hxg5 25. Qxg5 Qd6 26. Rfc1 O-O-O 27.
Ne5 Rh7 28. Nxc6 bxc6 29. Rxc6+ Qxc6 30. Rc1 Qc4 31. Rxc4+ bxc4 32. Qd2 Rdh8
33. f3 Rh6 34. Qa5 R8h7 35. Qc5+ Kd7 36. Qe7+ Kc6 37. Kf2 Rh1 38. Qe8+ Kd6 39.
Qf8+ Kc6 40. Qg8 Kb5 41. Ke3 R1h2 42. Kf4 Ka4 43. Qb8 Ka5 44. Ke5 1-0

[Event "CN Seniori 2012"]
[Site "Sarata Monteoru/Romania"]
[Date "2012.02.20"]
[Round "10.2"]
[White "Manolache, Marius"]
[Black "Jianu, Vlad-Cristian"]
[Result "1-0"]
[ECO "D30"]
[WhiteElo "2552"]
[BlackElo "2508"]
[Annotator "Robot 4"]
[PlyCount "115"]
[EventDate "2012.??.??"]
[TimeControl "40/5400+30:900+30"]

1. d4 d5 2. Nf3 e6 3. c4 c5 4. cxd5 exd5 5. g3 Nc6 6. Bg2 Nf6 7. O-O Be7 8.
dxc5 Bxc5 9. Bg5 O-O 10. Qc1 Be7 11. Nc3 h6 12. Bxf6 Bxf6 13. Rd1 d4 14. Ne4
Bf5 15. Nxf6+ Qxf6 16. Qf4 g5 17. Qd2 Rad8 18. h4 g4 19. Ne1 Rfe8 20. Nd3 Bxd3
21. exd3 Re7 22. Bxc6 bxc6 23. Re1 Rde8 24. Rxe7 Rxe7 25. b4 Kg7 26. Re1 Rxe1+
27. Qxe1 Qf5 28. Qe2 h5 29. Qd2 f6 30. Qc2 Qd5 31. Qa4 Qd7 32. Qa5 Kg6 33. Qc5
Kh6 34. a4 Kg6 35. Kf1 Kh6 36. Ke1 Qe6+ 37. Kf1 Qd7 38. a5 Kg6 39. a6 Kh6 40.
Kg2 Kg6 41. Kg1 Kh6 42. Qf8+ Kg6 43. Qg8+ Kf5 44. Kf1 Qe7 45. Qc8+ Kg6 46. Qb7
Qd6 47. b5 Qa3 48. Qxc6 Qxd3+ 49. Kg2 Qe2 50. b6 Qxa6 51. Qe4+ Kg7 52. Qe7+ Kg6
53. bxa7 Qc6+ 54. Kh2 Qa8 55. Qd7 d3 56. Qxd3+ Kg7 57. Qd7+ Kg6 58. Qe7 1-0

[Event "CN Seniori 2012"]
[Site "Sarata Monteoru/Romania"]
[Date "2012.02.20"]
[Round "10.3"]
[White "Miron, Lucian-Costin"]
[Black "Nevednichy, Vladislav"]
[Result "1/2-1/2"]
[ECO "E94"]
[WhiteElo "2525"]
[BlackElo "2546"]
[Annotator "Robot 4"]
[PlyCount "113"]
[EventDate "2012.??.??"]
[TimeControl "40/5400+30:900+30"]

1. d4 Nf6 2. c4 g6 3. Nc3 Bg7 4. e4 d6 5. Nf3 O-O 6. Be2 e5 7. O-O c6 8. Be3
Na6 9. d5 Ng4 10. Bg5 f6 11. Bh4 c5 12. Ne1 h5 13. h3 Nh6 14. Nd3 Nb4 15. Ne1
Na6 16. Nd3 Nb4 17. Nxb4 cxb4 18. Na4 g5 19. Bg3 g4 20. Bh4 Qe8 21. a3 f5 22.
axb4 Bd7 23. c5 fxe4 24. hxg4 hxg4 25. cxd6 Nf5 26. Be7 Nxe7 27. dxe7 Qxe7 28.
Bxg4 Bxg4 29. Qxg4 Rf4 30. Qe6+ Qxe6 31. dxe6 Re8 32. Nc3 e3 33. fxe3 Rxf1+ 34.
Kxf1 a6 35. e4 Rxe6 36. Nd5 Rh6 37. Kf2 Bf8 38. Rc1 Bd6 39. Kf3 Kf7 40. Kg4
Rg6+ 41. Kf3 Rh6 42. Kf2 Ke6 43. Kg1 Rh4 44. Re1 Rh8 45. Rf1 Rh4 46. Rf6+ Kd7
47. Rf3 Kc6 48. Re3 a5 49. g3 Rg4 50. Kg2 a4 51. Kh3 Rxe4 52. Rxe4 Kxd5 53. Re2
Bxb4 54. Kg4 Bc5 55. Kf5 Bd4 56. g4 b5 57. g5 1/2-1/2

[Event "CN Seniori 2012"]
[Site "Sarata Monteoru/Romania"]
[Date "2012.02.20"]
[Round "10.4"]
[White "Anton, Teodor"]
[Black "Lupulescu, Constantin"]
[Result "1-0"]
[ECO "A61"]
[WhiteElo "2393"]
[BlackElo "2648"]
[Annotator "Robot 4"]
[PlyCount "85"]
[EventDate "2012.??.??"]
[TimeControl "40/5400+30:900+30"]

1. d4 Nf6 2. c4 e6 3. Nf3 c5 4. d5 d6 5. Nc3 exd5 6. cxd5 g6 7. Bf4 a6 8. a4
Bg7 9. h3 O-O 10. e3 Re8 11. Be2 Ne4 12. Nxe4 Rxe4 13. Nd2 Rb4 14. O-O Bxb2 15.
Rb1 a5 16. Nc4 Bg7 17. Rxb4 axb4 18. Bxd6 b6 19. Be5 Bxe5 20. Nxe5 Bd7 21. d6
Qf6 22. Qd5 Ra7 23. Nxd7 Nxd7 24. Bc4 Ne5 25. Bb5 Qe6 26. Qxe6 fxe6 27. f4 Nf7
28. Rd1 Ra8 29. e4 g5 30. g3 gxf4 31. gxf4 e5 32. fxe5 Nxe5 33. Rd5 Nf7 34. Bc4
Kg7 35. e5 Re8 36. d7 Re7 37. Rd3 Nd8 38. Rg3+ Kh6 39. e6 Rxe6 40. Bxe6 Nxe6
41. Re3 Nd8 42. Kf2 c4 43. Ke2 1-0

[Event "CN Seniori 2012"]
[Site "Sarata Monteoru/Romania"]
[Date "2012.02.20"]
[Round "10.5"]
[White "Filip, Lucian"]
[Black "Doros, Radu-Marian"]
[Result "1/2-1/2"]
[ECO "A16"]
[WhiteElo "2490"]
[BlackElo "2338"]
[Annotator "Robot 4"]
[PlyCount "34"]
[EventDate "2012.??.??"]
[TimeControl "40/5400+30:900+30"]

1. Nf3 Nf6 2. c4 g6 3. Nc3 d5 4. Qa4+ Bd7 5. Qb3 dxc4 6. Qxc4 Bg7 7. e4 O-O 8.
e5 Ng4 9. d4 Be6 10. Qb5 Nd7 11. h3 Nh6 12. Qxb7 c5 13. d5 Bf5 14. Be2 Bc2 15.
g4 f5 16. g5 Ng4 17. hxg4 fxg4 1/2-1/2

[Event "CN Seniori 2012"]
[Site "Sarata Monteoru/Romania"]
[Date "2012.02.20"]
[Round "10.6"]
[White "Pop, Alexandru"]
[Black "Berescu, Alin-Mile"]
[Result "0-1"]
[ECO "A34"]
[WhiteElo "2254"]
[BlackElo "2488"]
[Annotator "Robot 4"]
[PlyCount "52"]
[EventDate "2012.??.??"]
[TimeControl "40/5400+30:900+30"]

1. Nf3 c5 2. c4 Nc6 3. g3 Nf6 4. Bg2 d5 5. cxd5 Nxd5 6. Nc3 Nc7 7. O-O e5 8. a3
Bd7 9. Rb1 f6 10. e3 Bf5 11. e4 Be6 12. Nh4 Qd3 13. b4 cxb4 14. axb4 Bxb4 15.
Nd5 Nxd5 16. exd5 Bxd5 17. Bxd5 Qxd5 18. Qg4 g6 19. Rxb4 Nxb4 20. Qxb4 a5 21.
Qb6 O-O 22. Ba3 Rf7 23. Rc1 Qxd2 24. Qb3 Rd8 25. Qe6 b5 26. Rc7 Qd1+ 0-1

[Event "CN Seniori 2012"]
[Site "Sarata Monteoru/Romania"]
[Date "2012.02.20"]
[Round "10.7"]
[White "Szabo, Gergely-Andras-Gyul"]
[Black "Dragomirescu, Robin-Alexandru"]
[Result "1/2-1/2"]
[ECO "D02"]
[WhiteElo "2554"]
[BlackElo "2340"]
[Annotator "Robot 4"]
[PlyCount "66"]
[EventDate "2012.??.??"]
[TimeControl "40/5400+30:900+30"]

1. d4 Nf6 2. Nf3 g6 3. Nbd2 d5 4. e3 Bg7 5. b4 O-O 6. c4 c6 7. a4 Nbd7 8. Bb2
Re8 9. Be2 Ne4 10. Nxe4 dxe4 11. Nd2 e5 12. dxe5 Nxe5 13. Nxe4 Bf5 14. Nd6 Nd3+
15. Bxd3 Qxd6 16. Bxg7 Bxd3 17. Bc3 Rad8 18. Qb3 Qe6 19. O-O-O Bxc4 20. Qb2 Bb3
21. Rxd8 Rxd8 22. Bh8 Qc4+ 23. Qc3 Qxc3+ 24. Bxc3 Bxa4 25. Kb2 Rd1 26. Rxd1
Bxd1 27. Bd4 b6 28. Be5 f5 29. Bb8 a5 30. bxa5 bxa5 31. Kc3 Kf7 32. Kd4 Ke6 33.
Ba7 a4 1/2-1/2

[Event "CN Seniori 2012"]
[Site "Sarata Monteoru/Romania"]
[Date "2012.02.20"]
[Round "10.8"]
[White "Dumitrache, Dragos-Nicolae"]
[Black "Stanciu, Alexandru-Ovidiu"]
[Result "1/2-1/2"]
[ECO "D90"]
[WhiteElo "2460"]
[BlackElo "2314"]
[Annotator "Robot 4"]
[PlyCount "94"]
[EventDate "2012.??.??"]
[TimeControl "40/5400+30:900+30"]

1. Nf3 Nf6 2. c4 g6 3. Nc3 d5 4. cxd5 Nxd5 5. d4 Bg7 6. Qb3 Nxc3 7. bxc3 O-O 8.
e3 c5 9. Be2 Nc6 10. O-O Qc7 11. Ba3 Be6 12. d5 Na5 13. Qd1 Rad8 14. e4 Bc8 15.
Qd2 b6 16. Rad1 e5 17. Rfe1 f5 18. exf5 gxf5 19. Bb5 Qd6 20. Bc1 e4 21. Ng5 c4
22. Ba4 a6 23. Qe3 Nb7 24. Bc6 Na5 25. Ba4 b5 26. Bc2 Nb7 27. f3 Qe5 28. Ne6
Bxe6 29. dxe6 Qxe6 30. fxe4 f4 31. Qa7 Rxd1 32. Rxd1 Qc6 33. Rf1 Bxc3 34. Rxf4
Rxf4 35. Bxf4 Qc5+ 36. Qxc5 Nxc5 37. Kf2 a5 38. Be3 Nd3+ 39. Ke2 Nb4 40. Bb1
Nc6 41. h4 a4 42. e5 Nxe5 43. Be4 a3 44. Bf4 Ng6 45. Bd6 Nxh4 46. Bxa3 Kg7 47.
Bd6 Be5 1/2-1/2

[Event "CN Seniori 2012"]
[Site "Sarata Monteoru/Romania"]
[Date "2012.02.20"]
[Round "10.9"]
[White "Florescu, Codrut-Constantin"]
[Black "Manea, Alexandru"]
[Result "1/2-1/2"]
[ECO "E12"]
[WhiteElo "2282"]
[BlackElo "2429"]
[Annotator "Robot 4"]
[PlyCount "34"]
[EventDate "2012.??.??"]
[TimeControl "40/5400+30:900+30"]

1. d4 Nf6 2. c4 e6 3. Nf3 b6 4. a3 c5 5. d5 Ba6 6. dxe6 fxe6 7. e3 Nc6 8. Be2
Be7 9. O-O O-O 10. Nc3 Bb7 11. b3 a6 12. Bb2 Qc7 13. Rc1 Rad8 14. Qc2 Ng4 15.
h3 Nh6 16. Bd3 Nf5 17. Nd5 Qd6 1/2-1/2

[Event "CN Seniori 2012"]
[Site "Sarata Monteoru/Romania"]
[Date "2012.02.20"]
[Round "10.10"]
[White "Balla, Tamas-Kristof"]
[Black "Gilea, Lucian"]
[Result "1-0"]
[ECO "B07"]
[WhiteElo "2377"]
[BlackElo "2261"]
[Annotator "Robot 4"]
[PlyCount "122"]
[EventDate "2012.??.??"]
[TimeControl "40/5400+30:900+30"]

1. e4 c5 2. c3 d6 3. d4 Nf6 4. Bd3 cxd4 5. cxd4 Nc6 6. Ne2 g6 7. Nbc3 Bg7 8. h3
a6 9. Be3 O-O 10. Rc1 Ne8 11. O-O f5 12. exf5 gxf5 13. d5 Ne5 14. Bb1 b5 15. b3
Bd7 16. f4 Ng6 17. Nd4 Rc8 18. Qf3 Kh8 19. Nce2 Rxc1 20. Rxc1 Qa8 21. Bf2 Nf6
22. Bxf5 Bxf5 23. Nxf5 Qxd5 24. Qxd5 Nxd5 25. Nxg7 Ngxf4 26. Nxf4 Nxf4 27. Rc7
Kxg7 28. Rxe7+ Rf7 29. Re8 Rc7 30. Bg3 Kf7 31. Re4 Rc1+ 32. Kh2 Nd5 33. Bxd6
Nc3 34. Re7+ Kg6 35. Ra7 Nxa2 36. Rxa6 Rc2 37. Rb6 Kf7 38. Rxb5 Nc1 39. Rb7+
Kg6 40. b4 Nd3 41. Bg3 Rb2 42. b5 Nc5 43. Rb8 Nd7 44. Rb7 Nc5 45. Rb6+ Kg5 46.
Be5 Rb1 47. Bd4 Ne4 48. Be3+ Kf5 49. Rb8 h5 50. Rf8+ Kg6 51. b6 h4 52. Rc8 Ng3
53. Rc1 Rb3 54. Bf2 Ne4 55. Rc6+ Kg5 56. Bxh4+ Kf4 57. Rg6 Rb1 58. Bg3+ Kf5 59.
Rc6 Nd2 60. Bc7 Ke4 61. Rf6 Kd5 1-0

[Event "CN Seniori 2012"]
[Site "Sarata Monteoru/Romania"]
[Date "2012.02.20"]
[Round "10.11"]
[White "Miroiu, George-Catalin"]
[Black "Horvat, Dan-Sebastian"]
[Result "1-0"]
[ECO "A11"]
[WhiteElo "2342"]
[BlackElo "2197"]
[Annotator "Robot 4"]
[PlyCount "73"]
[EventDate "2012.??.??"]
[TimeControl "40/5400+30:900+30"]

1. Nf3 d5 2. g3 Nf6 3. Bg2 g6 4. c4 c6 5. b3 Bg7 6. Bb2 O-O 7. O-O Nbd7 8. Qc2
Re8 9. Ne5 Nxe5 10. Bxe5 Bf5 11. Qb2 Qd7 12. Re1 Red8 13. d3 Bh3 14. Bf3 Bg4
15. Bh1 Qf5 16. cxd5 Ne4 17. f4 Bxe5 18. Qxe5 Qxe5 19. fxe5 Ng5 20. dxc6 bxc6
21. Nd2 Rab8 22. Bxc6 Rdc8 23. Rac1 Bxe2 24. d4 Rb6 25. Ba4 Ba6 26. Rxc8+ Bxc8
27. Rc1 Ba6 28. d5 f6 29. e6 Rd6 30. Bc6 f5 31. h4 Nxe6 32. Re1 Nd4 33. Rxe7
Nxc6 34. dxc6 Rxd2 35. Rxa7 Rxa2 36. b4 Bc4 37. c7 1-0

[Event "CN Seniori 2012"]
[Site "Sarata Monteoru/Romania"]
[Date "2012.02.20"]
[Round "10.12"]
[White "Baratosi, Daniel"]
[Black "Martian, Dragos-Daniel"]
[Result "1/2-1/2"]
[ECO "B43"]
[WhiteElo "2418"]
[BlackElo "2074"]
[Annotator "Robot 4"]
[PlyCount "54"]
[EventDate "2012.??.??"]
[TimeControl "40/5400+30:900+30"]

1. e4 c5 2. Nf3 e6 3. d4 cxd4 4. Nxd4 a6 5. Nc3 Qc7 6. g3 Bb4 7. Bd2 Nf6 8. Bg2
Nc6 9. Nb3 Be7 10. a4 b6 11. f4 d6 12. O-O Bb7 13. g4 h6 14. Qe2 O-O 15. h4 Nb4
16. g5 hxg5 17. hxg5 Nd7 18. Be3 Rfe8 19. Nd4 d5 20. g6 Bc5 21. gxf7+ Kxf7 22.
e5 Rh8 23. f5 Qxe5 24. fxe6+ Kg8 25. exd7 Qh2+ 26. Kf2 Qh4+ 27. Kg1 Qh2+
1/2-1/2

[Event "CN Seniori 2012"]
[Site "Sarata Monteoru/Romania"]
[Date "2012.02.20"]
[Round "10.13"]
[White "Georgescu, Tiberiu-Marian"]
[Black "Spulber, Cicirone"]
[Result "1-0"]
[ECO "A37"]
[WhiteElo "2415"]
[BlackElo "2244"]
[Annotator "Robot 4"]
[PlyCount "93"]
[EventDate "2012.??.??"]
[TimeControl "40/5400+30:900+30"]

1. c4 c5 2. g3 g6 3. Nc3 Bg7 4. Bg2 Nc6 5. Nf3 e5 6. O-O Nge7 7. a3 d6 8. b4
O-O 9. Rb1 Rb8 10. d3 b6 11. Bd2 h6 12. Ne1 Be6 13. Nc2 cxb4 14. Nxb4 Nxb4 15.
axb4 d5 16. cxd5 Nxd5 17. Qa4 Nxc3 18. Bxc3 Qc7 19. Rfc1 Rfc8 20. Qa1 b5 21.
Kh1 Qb6 22. Kg1 Re8 23. Qa3 Rbc8 24. Bd2 Re7 25. Rxc8+ Bxc8 26. Rc1 Rc7 27. Be3
Qa6 28. Qb2 Rxc1+ 29. Qxc1 Be6 30. h4 Qa4 31. Qc5 h5 32. Kh2 a5 33. bxa5 Qxa5
34. Bc6 Qe1 35. Bxb5 Qxe2 36. d4 Qf3 37. Bc6 e4 38. Qc2 Bf5 39. Qb1 Bf6 40. Bd5
Bxh4 41. Qb8+ Kg7 42. Qe5+ Kh7 43. gxh4 Qh3+ 44. Kg1 Qxh4 45. Bxf7 Qg4+ 46. Qg3
Qd1+ 47. Kh2 1-0

[Event "CN Seniori 2012"]
[Site "Sarata Monteoru/Romania"]
[Date "2012.02.20"]
[Round "10.14"]
[White "Posedaru, Bogdan"]
[Black "Petrisor, Adrian-Marian"]
[Result "1/2-1/2"]
[ECO "E25"]
[WhiteElo "2337"]
[BlackElo "2385"]
[Annotator "Robot 4"]
[PlyCount "76"]
[EventDate "2012.??.??"]
[TimeControl "40/5400+30:900+30"]

1. d4 Nf6 2. c4 e6 3. Nc3 Bb4 4. f3 c5 5. a3 Bxc3+ 6. bxc3 d5 7. cxd5 exd5 8.
e3 Qc7 9. Ne2 Bf5 10. Ng3 Bg6 11. Bb5+ Nc6 12. O-O O-O 13. Bd3 Bxd3 14. Qxd3
cxd4 15. cxd4 Na5 16. e4 Qc4 17. Qxc4 Nxc4 18. Rb1 b6 19. e5 Ne8 20. a4 Nc7 21.
f4 a6 22. Nf5 b5 23. axb5 axb5 24. Rf3 Ra2 25. Rg3 g6 26. Ne7+ Kh8 27. f5 Nd2
28. Bxd2 Rxd2 29. Rc3 Na6 30. Ra3 Nc7 31. Ra7 Rc2 32. f6 Rb8 33. Nxd5 Nxd5 34.
Rxb5 Rc1+ 35. Kf2 Rc2+ 36. Kg1 Rc1+ 37. Kf2 Rc2+ 38. Kg1 Rc1+ 1/2-1/2

[Event "CN Seniori 2012"]
[Site "Sarata Monteoru/Romania"]
[Date "2012.02.20"]
[Round "10.15"]
[White "Dobre, Claudiu-Cristian"]
[Black "Stegariu, Vlad-Ionut"]
[Result "1/2-1/2"]
[ECO "E94"]
[WhiteElo "2354"]
[BlackElo "2202"]
[Annotator "Robot 4"]
[PlyCount "86"]
[EventDate "2012.??.??"]
[TimeControl "40/5400+30:900+30"]

1. d4 Nf6 2. Nf3 d6 3. c4 g6 4. Nc3 Bg7 5. e4 O-O 6. Be2 e5 7. O-O Nbd7 8. Qc2
c6 9. Rd1 Qe7 10. d5 cxd5 11. cxd5 a5 12. Bg5 h6 13. Bh4 g5 14. Bg3 Nh5 15. Nd2
Nf4 16. Nc4 h5 17. f3 Nxe2+ 18. Qxe2 Ra6 19. Bf2 g4 20. fxg4 Nf6 21. Bh4 b5 22.
Nxb5 Qb7 23. Bxf6 Bxf6 24. Rf1 Bg5 25. a4 hxg4 26. Kh1 Qe7 27. Ne3 Bf4 28. Nf5
Bxf5 29. exf5 Qg5 30. g3 Be3 31. Nc3 Rb6 32. Ne4 Qh6 33. Ra3 Bd4 34. Qxg4+ Kh8
35. Ng5 f6 36. Nf3 Rxb2 37. Qh4 Qxh4 38. Nxh4 Rc8 39. Nf3 Rcc2 40. Rd1 Bc5 41.
Raa1 e4 42. Nd4 Rxh2+ 43. Kg1 Rhd2 1/2-1/2

[Event "CN Seniori 2012"]
[Site "Sarata Monteoru/Romania"]
[Date "2012.02.20"]
[Round "10.16"]
[White "Daianu, Cristian-Clement"]
[Black "Pessi, Emil-George"]
[Result "1-0"]
[ECO "C55"]
[WhiteElo "2242"]
[BlackElo "2272"]
[Annotator "Robot 4"]
[PlyCount "107"]
[EventDate "2012.??.??"]
[TimeControl "40/5400+30:900+30"]

1. e4 e5 2. Nf3 Nc6 3. Bc4 Be7 4. O-O d6 5. a4 Nf6 6. d3 O-O 7. Re1 Be6 8. Nbd2
Nd7 9. c3 Qe8 10. Nf1 Na5 11. Ba2 Bxa2 12. Rxa2 f5 13. b4 Nc6 14. exf5 Qf7 15.
Rae2 Qxf5 16. d4 Bf6 17. Ng3 Qg6 18. Qb3+ Qf7 19. Qxf7+ Rxf7 20. Ne4 exd4 21.
b5 Nce5 22. Nxd4 Nd3 23. Rd1 Nxc1 24. Rxc1 Bxd4 25. cxd4 Nb6 26. Nc3 a6 27.
bxa6 Rxa6 28. f3 Rd7 29. Rb2 c6 30. d5 c5 31. Ra1 Nc4 32. Re2 Kf7 33. Re6 h6
34. Kf2 Rb6 35. Ra2 Ra6 36. Re4 Nb6 37. h4 Nc8 38. g4 Ne7 39. Rb2 Ng6 40. Kg3
Ne5 41. f4 Nd3 42. Rd2 Nb4 43. f5 b5 44. Nxb5 Rxa4 45. g5 hxg5 46. hxg5 Ra1 47.
Re6 Rg1+ 48. Rg2 Rxg2+ 49. Kxg2 Nxd5 50. Nxd6+ Kg8 51. Re8+ Kh7 52. g6+ Kh6 53.
Nf7+ Kh5 54. Kg3 1-0

[Event "CN Seniori 2012"]
[Site "Sarata Monteoru/Romania"]
[Date "2012.02.20"]
[Round "10.17"]
[White "Bonte, Andrei-Mihai"]
[Black "Prodileanu, Adrian"]
[Result "1-0"]
[ECO "A32"]
[WhiteElo "2380"]
[BlackElo "2204"]
[Annotator "Robot 4"]
[PlyCount "65"]
[EventDate "2012.??.??"]
[TimeControl "40/5400+30:900+30"]

1. d4 Nf6 2. c4 e6 3. g3 c5 4. Nf3 cxd4 5. Nxd4 Qb6 6. Bg2 Bc5 7. e3 Nc6 8. O-O
Nxd4 9. exd4 Bxd4 10. Nc3 e5 11. Nb5 O-O 12. Nxd4 exd4 13. Bg5 d5 14. cxd5 Bg4
15. Qd2 h6 16. Bxf6 Qxf6 17. h3 Bf5 18. Rad1 d3 19. g4 Bh7 20. f4 h5 21. f5
hxg4 22. hxg4 Qd4+ 23. Qf2 Qxg4 24. Rxd3 Qg5 25. d6 Rad8 26. d7 b6 27. Qf4 Qxf4
28. Rxf4 g5 29. Rf2 f6 30. Bd5+ Kg7 31. Be6 Bg8 32. Rc2 Rb8 33. Rdc3 1-0